 Dungeon Crawl Stone Soup version 0.30.1-11-g7821555f0a (webtiles) character file.

Game seed: 7305509937329629279

106 fireball365 the Chopper (level 4, 0/40 HPs)
             Began as a Hill Orc Fighter on Nov 23, 2023.
             Slain by an orc priest
             ... wielding a +0 mace
              (5 damage)
             ... on level 3 of the Dungeon.
             The game lasted 00:03:21 (2228 turns).

fireball365 the Chopper (Hill Orc Fighter)          Turns: 2228, Time: 00:03:22

Health: 0/40       AC: 10    Str: 20    XL:     4   Next: 84%
Magic:  4/4        EV:  8    Int:  8    God:
Gold:   228        SH:  4    Dex: 10    Spells: 3/3 levels left

rFire   . . .        a - +0 war axe
rCold   . . .        c - +0 buckler
rNeg    . . .        s - +0 chain mail
rPois   .            (helmet restricted)
rElec   .            (no cloak)
rCorr   .            (no gloves)
SInv    .            f - +0 pair of boots
Will    .....        (no amulet) Stlth
                     (no ring)
HPRegen 0.26/turn    (no ring)
MPRegen 0.09/turn

%: clarity
@: no status effects
A: horns 1, talons 2, clarity, evolution 1, MP-powered wands
a: Convert to Beogh


You were on level 3 of the Dungeon.
You visited 1 branch of the dungeon, and saw 3 of its levels.

You collected 228 gold pieces.

Inventory:

Hand Weapons
 a - a +0 war axe (weapon)
Armour
 b - a +0 scale mail
 c - a +0 buckler (worn)
 f - a +0 pair of boots (worn)
 s - a +0 chain mail (worn)
Scrolls
 e - a scroll of magic mapping {unknown}
 i - a scroll of blinking {unknown}
 l - 2 scrolls of identify
 n - 2 scrolls of enchant weapon
 p - a scroll of immolation {unknown}
 q - a scroll of torment {unknown}
 r - 2 scrolls of teleportation
 t - a scroll of vulnerability {unknown}
Potions
 d - 2 potions of might
 g - a potion of brilliance {unknown}
 j - 3 potions of degeneration
 m - a potion of curing {unknown}
 o - a potion of invisibility {unknown}


   Skills:
 + Level 4.1 Fighting
 + Level 4.4 Axes
 + Level 4.2 Armour
 + Level 0.5 Dodging
 + Level 0.2 Stealth
 + Level 3.5 Shields


You had 3 spell levels left.
You didn't know any spells.
Your spell library was empty.

Dungeon Overview and Level Annotations

Branches:
Dungeon (3/15)

Altars:
Xom


Innate Abilities, Weirdness & Mutations

You have a pair of small horns on your head.
You have razor-sharp toenails.
You possess an exceptional clarity of mind.
You have hidden genetic potential.
You expend magic power (3 MP) to strengthen your wands.


Message History

A gnoll comes into view. It is wielding a +0 halberd.
Things that are here:
a +0 flail; a jackal corpse A gnoll comes into view.
It is wielding a +0 flail.
The gnoll shouts!
You hear a shout!
The gnoll hits you with a +0 halberd.
An orc priest comes into view. It is wielding a +0 mace.
You barely miss the gnoll.
The orc priest threatens, "By the altar or by the axe, you will meet Beogh!" (press Y on the ability menu to convert to Beogh)
You headbutt the gnoll, but do no damage.
The gnoll hits you with a +0 halberd.
You closely miss the gnoll. You headbutt the gnoll!
The gnoll is severely wounded.
The gnoll hits you but does no damage.
You slash the gnoll!
You kill the gnoll!
You barely miss the gnoll. Your headbutt misses the gnoll.
The gnoll hits you with a +0 flail. x2
You hit the gnoll.
The gnoll is moderately wounded.
The gnoll hits you with a +0 flail.
A kobold comes into view. It is wielding a +0 quarterstaff.
You slash the gnoll!
You kill the gnoll!
You closely miss the orc priest.
The orc priest shouts, "Surrender to Beogh and we'll let you live!"
You headbutt the orc priest, but do no damage.
You block the orc priest's attack.
You slash the orc priest!
The orc priest is severely wounded.
The orc priest mumbles some strange prayers to Beogh against you.
Beogh smites you!
* * * LOW HITPOINT WARNING * * *
The orc priest hits you but does no damage.
You hit the orc priest.
The orc priest is almost dead.
The orc priest threatens, "By the altar or by the axe, you will meet Beogh!"
The orc priest hits you with a +0 mace.
You die...

# .# . .. #.
.. # #. #.
#.#.###.
#......
#...Ko####
#..<.@)..#
#.#####..# #
#..#.# #....#
#.#####†####.#
#............#
#.#####.######
#.# #)#
###.#####.#


You could see an orc priest and a kobold.

Vanquished Creatures
  Ijyb (D:3)
  2 adders (D:2)
  3 gnolls (D:3)
  A dart slug (D:1)
  2 bats
  An endoplasm (D:1)
  2 giant cockroaches (D:1)
  4 goblins (D:1)
  A hobgoblin (D:1)
  2 jackals (D:3)
  A quokka (D:2)
  3 ball pythons
  A frilled lizard (D:2)
  6 kobolds
  6 rats
36 creatures vanquished.

Notes
Turn   | Place    | Note
-------+----------+-------------------------------------------
     0 | D:1      | fireball365 the Hill Orc Fighter began the quest for the
                  | Orb.
     0 | D:1      | Reached XP level 1. HP: 19/19 MP: 1/1
   285 | D:1      | Reached XP level 2. HP: 27/27 MP: 2/2
   662 | D:1      | Found a faded altar of an unknown god.
   662 | D:1      | Noticed an ice devil
  1388 | D:2      | Reached XP level 3. HP: 25/33 MP: 3/3
  1791 | D:2      | Found a shimmering altar of Xom.
  2019 | D:3      | Gained mutation: You have sharp toenails. [potion of
                  | mutation]
  2019 | D:3      | Gained mutation: Your spells are a little easier to cast,
                  | but a little less powerful. [potion of mutation]
  2019 | D:3      | Gained mutation: You expend magic power (3 MP) to
                  | strengthen your wands. [potion of mutation]
  2019 | D:3      | Gained mutation: A frigid envelope surrounds you and
                  | freezes all who hurt you. [potion of mutation]
  2020 | D:3      | Lost mutation: A frigid envelope surrounds you and freezes
                  | all who hurt you. [potion of mutation]
  2020 | D:3      | Lost mutation: Your spells are a little easier to cast, but
                  | a little less powerful. [potion of mutation]
  2020 | D:3      | Gained mutation: You possess an exceptional clarity of
                  | mind. [potion of mutation]
  2020 | D:3      | Gained mutation: You have hidden genetic potential. [potion
                  | of mutation]
  2020 | D:3      | Gained mutation: You have a pair of small horns on your
                  | head. [potion of mutation]
  2023 | D:3      | Noticed Ijyb
  2037 | D:3      | Killed Ijyb
  2038 | D:3      | Reached XP level 4. HP: 9/40 MP: 4/4
  2216 | D:3      | Gained mutation: You have razor-sharp toenails. [hidden
                  | potential]
  2228 | D:3      | Slain by an orc priest

Illustrated notes

Levels and vault maps discovered:
D:1:      dpeg_arrival_boxorama, layout_basic,
          dreamdust_ecumenical_altar_sealed_demon, supply_closet_lemuel,
          minmay_split_cup_large
D:2:      layout_loops_corners, basic_altar
D:3:      layout_loops_ring, nicolae_uskayaw_en_pointe, uniq_crazy_yiuf_cottage,
          uniq_ijyb

Skill      XL: |  1  2  3 |
---------------+----------+-----
Axes           | 3 4 |  4.4
Fighting       | 4 |  4.1
Armour         | 4 |  4.2
Dodging        | |  0.5
Stealth        | |  0.2
Shields        | |  3.5

Action                     |  1- 3 |  4- 6 || total
---------------------------+-------+-------++-------
  Melee: War axe           |    87 |    19 ||   106
         Headbutt          |     2 |     6 ||     8
    Use: Scroll            |     4 |       ||     4
         Potion            |     3 |       ||     3
 Armour: Scale mail        |    45 |       ||    45
         Skin              |     5 |       ||     5
         Chain mail        |     2 |    11 ||    13
  Dodge: Dodged            |    45 |     2 ||    47
  Block: Buckler           |    18 |     3 ||    21
